 Dungeon Crawl Stone Soup version 0.18.1-2-ga659475 (webtiles) character file.

31 HungrySpirit the Chiller (level 3, 0/25 HPs)
             Began as a Formicid Ice Elementalist on May 8, 2016.
             Slain by a bat (1 damage)
             ... on level 1 of the Dungeon.
             The game lasted 00:01:59 (1214 turns).

HungrySpirit the Chiller (FoIE)                     Turns: 1214, Time: 00:02:00

Health: 0/25       AC:  8    Str: 13    XL:     3   Next: 40%
Magic:  6/6        EV:  6    Int: 14    God:
Gold:   6          SH:  0    Dex: 11    Spells: 1 memorised, 5 levels left

rFire  . . .     SeeInvis +     g - +0 spear
rCold  . . .     Gourm    .     i - +0 chain mail
rNeg   . . .     Faith    .     (no shield)
rPois  .         Spirit   .     (helmet unavailable)
rElec  .         Dismiss  .     (no cloak)
rCorr  .         Reflect  .     (no gloves)
SustAt .         Harm     .     (no boots)
MR     .....                    (no amulet)
Stlth  ..........               (no ring)
                                (no ring)

@: very slightly contaminated, not resistant to hostile enchantments, extremely
unstealthy
A: permanent stasis, dig shafts and tunnels, four strong arms, antennae 3
a: Dig, Shaft Self


You were on level 1 of the Dungeon.
You were very hungry.

You visited 1 branch of the dungeon, and saw 2 of its levels.

You collected 6 gold pieces.

Inventory:

Hand Weapons
 f - a +0 mace
 g - a +0 spear (weapon)
Armour
 i - a +0 chain mail (worn)
Scrolls
 a - a scroll of enchant armour {unknown}
 h - a scroll of blinking {unknown}
 j - 3 scrolls of identify {unknown}
 l - a scroll of remove curse {unknown}
 m - 3 scrolls of teleportation {unknown}
Potions
 d - a potion of invisibility {unknown}
 e - 2 potions of brilliance {unknown}
 k - 3 potions of lignification {unknown}
 n - a potion of degeneration {unknown}
Books
 b - a book of Frost

   Spells                             Type                      Level
   a - Freeze                         Ice                          1
   b - Throw Frost                    Conjuration/Ice              2
   c - Ozocubu's Armour               Charms/Ice                   3
   d - Throw Icicle                   Conjuration/Ice              4
   e - Summon Ice Beast               Ice/Summoning                4
Comestibles
 c - a bread ration


   Skills:
 - Level 0.4 Fighting
 - Level 0.6 Maces & Flails
 * Level 1.9 Polearms
 - Level 1.7 Dodging
 - Level 2.4 Stealth
 - Level 2.1 Spellcasting
   Level 0.8 Conjurations
 + Level 3.3 Ice Magic


You had 5 spell levels left.
You knew the following spells:

 Your Spells              Type           Power        Failure   Level  Hunger
a - Freeze                Ice            ##..         99%         1    #......


Dungeon Overview and Level Annotations

Branches:
Dungeon (2/15)

Altars:


Innate Abilities, Weirdness & Mutations

You are under a permanent stasis effect.
You can dig through walls and to a lower floor.
Your four strong arms can wield two-handed weapons with a shield.
You have a pair of large antennae on your head (SInv).


Message History

Press: ? - help, Dir - move target cursor, f/p - bat
Aim: a bat (heavily wounded)
You barely miss the bat.
The bat is heavily wounded.
The bat barely misses you. The bat hits you but does no damage.
Attack whom?
Press: ? - help, Dir - move target cursor, f/p - bat
Aim: a bat (heavily wounded)
You miss the bat.
The bat is heavily wounded.
The bat hits you but does no damage. The bat hits you but does no damage.
You see here a stone.
Attack whom?
Press: ? - help, Dir - move target cursor, f/p - bat
Aim: a bat You reach to attack!
You hit the bat but do no damage. The bat hits you but does no damage.
The bat hits you.
You die...

#...................[.......>....
#(#.##....................#.#)##)
#(#....##########.####..#.#.#....
#.####.# #.# #..#.#.####.
#.##...# ####)####....#.# #.
.).#.### #...(...##.###.# ##
...#.# #.......##.# #.#
...#.#########...()..##.# #.#
...#.........'..@b(..##.###.#
#.############...(...##...#.# #.#
#####.#.##.#.#.# #.# ###########
#w#.##.#.#.# #.# #.........#
#.#.##.#.#.# #.# #.........#
#...##.#'#.## #.# #.........#
##..##......# #.# #.........#
#..##......#### #.# #.........#
##.............


You could see a worm and a bat.

Vanquished Creatures
  An adder (D:2)
  A dart slug (D:1)
  A giant gecko (D:1)
  A bat (D:1)
  A giant cockroach (D:1)
  2 goblins (D:1)
  3 hobgoblins (D:1)
  5 kobolds (D:1)
  3 rats (D:1)
18 creatures vanquished.

Notes
Turn   | Place    | Note
--------------------------------------------------------------
     0 | D:1      | HungrySpirit the Formicid Ice Elementalist began the quest for the Orb.
     0 | D:1      | Reached XP level 1. HP: 13/13 MP: 3/3
   174 | D:1      | Reached XP level 2. HP: 11/20 MP: 5/5
   435 | D:1      | Reached skill level 1 in Polearms
   743 | D:1      | Reached XP level 3. HP: 25/25 MP: 6/6
  1192 | D:1      | HP: 1/25 [worm (3)]
  1209 | D:1      | HP: 1/25 [bat (1)]
  1214 | D:1      | Slain by a bat

Skill      XL: |  1  2 |
---------------+-------+-----
Polearms       | 1 |  1.9
Fighting       | |  0.4
Maces & Flails | |  0.6
Dodging        | |  1.7
Stealth        | |  2.4
Spellcasting   | |  2.1
Conjurations   | |  0.8
Ice Magic      | |  3.3

Action                   || total
-------------------------++-------
Melee: Spear             ||   103
       Club              ||     2
       Mace              ||     1
 Cast: Freeze            ||     3
Armor: Robe              ||     3
       Chain mail        ||    52
Dodge: Dodged            ||    33
